AoeStats
← DHoneyBadger

MegaRandom

504160419Analyzed
4v4 RM · 1mo ago on Sep 4, 2026· 24m 39s· 8 players
Game mode
Random Map
Map size
Large (8 player)
Population
200
Speed
Normal
Resources
Standard
Victory
Conquest
Starting age
Dark Age
Ending age
Imperial Age
RankedLock teamsTeams togetherTeam positionsShared explorationLock speedFull tech treeHidden civsTurbo modeCheats
Victory
Defeat
🇲🇽 Vietnamese · Mexico
1235
+14
🇲🇽 Mongols · Mexico
1203
+16
🇲🇽 Ethiopians · Mexico
1199
+16
🇲🇽 Byzantines · Mexico
1088
+22
🇨🇦 Celts · Canada
1223
-18
🇭🇰 Persians · Hong Kong SAR China
1220
-18
🇦🇷 Cumans · Argentina
1207
-17
🇲🇽 Britons · Mexico
1153
-15
DevilRunner
5:36 Loom
7:52 Feudal Age
9:22 Double-Bit Axe
14:18 Horse Collar
18:13 Bloodlines
20:24 Castle Age
19:03 Scale Barding Armor
19:45 Bloodlines
20:25 Forging
20:24 Gold Mining
Dinospunker
7:40 Loom
10:13 Feudal Age
10:13 Man-at-Arms
10:43 Double-Bit Axe
13:01 Arson
14:07 Town Watch
15:38 Fletching
22:28 Castle Age
21:04 Gold Mining
20:54 Horse Collar
21:32 Padded Archer Armor
22:40 Long Swordsman
23:33 Forging
24:00 Crossbowman
DHoneyBadger
7:54 Loom
11:17 Feudal Age
9:36 Loom
16:19 Castle Age
14:29 Double-Bit Axe
14:27 Horse Collar
19:09 Gold Mining
24:48 Bow Saw
JU ju Ju
13:17 Feudal Age
14:39 Double-Bit Axe
20:25 Castle Age
18:36 Fletching
20:19 Padded Archer Armor
20:38 Elite Skirmisher
22:08 Bodkin Arrow
SeañeZ
9:56 Feudal Age
15:07 Fletching
16:30 Loom
21:56 Castle Age
felixaleman1010
4:41 Loom
leung
SometimesUnlucky
Connection lost

Rejoining the realm…

Still unreachable

The connection could not be restored.

Session expired

The server has moved on; the page needs a fresh start.